 Dungeon Crawl Stone Soup version 0.29-a0-330-g52719c12eb (webtiles) character file.

Game seed: 17561948972682995201

323 kae the Firebug (level 6, -8/47 HPs)
             Began as a Demigod Fire Elementalist on Apr 23, 2022.
             Shot with an arrow by a centaur (13 damage)
             ... on level 5 of the Dungeon.
             The game lasted 00:02:18 (5272 turns).

kae the Firebug (Demigod Fire Elementalist)         Turns: 5272, Time: 00:02:19

Health: -8/47      AC:  2    Str:  9    XL:     6   Next: 2%
Magic:  13/13      EV: 12    Int: 25    God:
Gold:   146        SH:  0    Dex: 14    Spells: 8/11 levels left

rFire   . . .      SeeInvis .   j - +10 hand axe of the Known World {venom, rCorr}
rCold   . . .      Faith    .   (no shield)
rNeg    . . .      Spirit   .   a - +0 robe
rPois   .          Reflect  .   (no helmet)
rElec   .          Harm     .   (no cloak)
rCorr   +          Rampage  .   (no gloves)
Will    .....                   (no boots)
Stlth   ++........              (no amulet)
HPRegen 0.15/turn               (no ring)
MPRegen 0.13/turn               (no ring)

@: no status effects
A: high MP 1, forlorn, divine attributes
a: no special abilities


You were on level 5 of the Dungeon.
You visited 1 branch of the dungeon, and saw 5 of its levels.

You collected 146 gold pieces.

Inventory:

Hand Weapons
 i - a +0 short sword
 j - the +10 hand axe of the Known World (weapon) {venom, rCorr}
   (You found it on level 2 of the Dungeon)

   It poisons the flesh of those it strikes.
   rCorr:     It protects you from acid and corrosion.
Armour
 a - a +0 robe (worn)
Jewellery
 c - a ring of poison resistance
Wands
 n - a wand of flame (16)
 p - a wand of iceblast (3)
Scrolls
 d - 8 scrolls of identify {unknown}
 e - a scroll of amnesia {unknown}
 o - a scroll of immolation {unknown}
 q - a scroll of fear {unknown}
 s - a scroll of magic mapping {unknown}
 t - a scroll of teleportation {unknown}
Potions
 b - a potion of magic
 f - a potion of curing {unknown}
 g - 2 potions of attraction {unknown}
 h - 5 potions of heal wounds {unknown}
 k - a potion of flight {unknown}
 l - a potion of might {unknown}
 m - 2 potions of degeneration {unknown}
 r - a potion of resistance {unknown}


   Skills:
 + Level 1.1 Fighting
 + Level 1.4 Axes
 - Level 1.7 Dodging
 - Level 1.7 Stealth
 + Level 3.2 Spellcasting
 + Level 3.0 Conjurations
 + Level 4.0 Fire Magic


You had 8 spell levels left.
You knew the following spells:

 Your Spells              Type           Power      Damage    Failure   Level
a - Foxfire               Conj/Fire      84%        2x1d8     2%          1
b - Scorch                Fire           48%        2d7       2%          2

Your spell library contained the following spells:

 Spells                   Type           Power      Damage    Failure   Level
 Magic Dart               Conj           76%        1d6       2%          1
 Shock                    Conj/Air       44%        1d5       5%          1
 Conjure Flame            Conj/Fire      21%        6-21      7%          3
 Inner Flame              Hex/Fire       14%        N/A       13%         3
 Call Imp                 Summ           4%         N/A       16%         2
 Mephitic Cloud           Conj/Pois/Air  9%         N/A       19%         3
 Flame Wave               Conj/Fire      21%        2d7       22%         4
 Swiftness                Air            4%         N/A       30%         3
 Airstrike                Air            2%         N/A       69%         4


Dungeon Overview and Level Annotations

Branches:
Dungeon (5/15)
 Temple: D:4-7

Annotations:
D:4 1 runed translucent door, Crazy Yiuf


Innate Abilities, Weirdness & Mutations

You have an increased reservoir of magic. (+10% MP)
You shall have no god before yourself.
Your divine heritage dramatically boosts your attributes as you level up.


Message History

Increase (S)trength, (I)ntelligence, or (D)exterity?
You feel clever. x4
No target in view!
No target in view!
t - a scroll labelled BYC MEMIDORPH No target in view!
No target in view!
You enter the shallow water.
Moving in this stuff is going to be slow.
Found a hand axe.
You see here a +0 hand axe.
A centaur comes into view.
Found an escape hatch in the ceiling.
The centaur shouts!
You hear a bellow! x2
The centaur wields a +0 shortbow.
The centaur shoots an arrow.
The arrow misses you.
The centaur shoots an arrow.
The arrow hits you!
You hear a bellow!
A centaur is nearby!
A yak comes into view.
The yak bellows!
A yak comes into view. x2
The centaur shoots an arrow.
The arrow closely misses you. 2 yaks come into view.
The centaur shoots an arrow.
The arrow hits you!
There are monsters nearby!
You are too injured to fight recklessly!
You are too injured to fight recklessly!
There are monsters nearby!
You are too injured to fight recklessly!
You are too injured to fight recklessly!
You are too injured to fight recklessly!
You are too injured to fight recklessly!
Okay, then.
Unknown command.
The centaur shoots an arrow.
The arrow hits you.
The centaur shoots an arrow.
The arrow closely misses you.
The centaur shoots an arrow.
The arrow hits you!
* * * LOW HITPOINT WARNING * * *
The centaur shoots an arrow.
The arrow hits you!
You die...

..................#
.......####.......#
....##....#.......# #
....#####.........# ..
>....######....#### ...
........# ####..## ....
..(...#.# ##..###### .....
........######.......c#......
.........†<.....@..YY..Y<....
............##...#####Y.Y....
.................# #......
.................. ..Y...
.............#...# .....
.................. .....
###....#...###...# ....
########## #...# .... ##


You could see 4 yaks and a centaur.

Vanquished Creatures
  A phantom (D:4)
  A hound (D:5)
  An orc priest (D:4)
  Ijyb (D:4)
  An iguana (D:5)
  6 adders
  3 worms
  4 dart slugs
  3 orcs (D:4)
  11 ball pythons
  7 bats
  2 endoplasms
  4 goblins
  4 hobgoblins
  7 jackals
  7 kobolds
  2 quokkas
  4 frilled lizards
  3 rats
72 creatures vanquished.

Vanquished Creatures (others)
  A demonic plant (D:3)
  71 foxfires
72 creatures vanquished.

Grand Total: 144 creatures vanquished

Notes
Turn   | Place    | Note
-------+----------+-------------------------------------------
     0 | D:1      | kae the Demigod Fire Elementalist began the quest for the
                  | Orb.
     0 | D:1      | Reached XP level 1. HP: 14/14 MP: 5/5
    83 | D:1      | Reached skill level 1 in Conjurations
   930 | D:1      | Reached XP level 2. HP: 1/20 MP: 1/7
  1347 | D:1      | Learned a level 2 spell: Scorch
  1403 | D:2      | Reached skill level 3 in Fire Magic
  1468 | D:2      | Reached XP level 3. HP: 26/26 MP: 0/9
  1707 | D:2      | Identified the +10 hand axe of the Known World {venom,
                  | rCorr}
  2622 | D:3      | HP: 1/26 [poisoned by an adder]
  2623 | D:3      | Reached XP level 4. HP: 1/33 MP: 10/10
  3581 | D:3      | Noticed a neqoxec
  3698 | D:4      | Reached XP level 5. HP: 11/38 MP: 12/12
  4078 | D:4      | Noticed Ijyb
  4089 | D:4      | Killed Ijyb
  4473 | D:4      | Reached skill level 1 in Axes
  4832 | D:4      | Found a runed translucent door.
  4833 | D:4      | Noticed Crazy Yiuf
  5101 | D:5      | Entered Level 5 of the Dungeon
  5109 | D:5      | Reached skill level 1 in Fighting
  5109 | D:5      | Reached skill level 4 in Fire Magic
  5174 | D:5      | Reached XP level 6. HP: 41/47 MP: 13/13
  5265 | D:5      | Noticed a yak
  5265 | D:5      | Noticed a yak
  5265 | D:5      | Noticed a yak
  5266 | D:5      | Noticed a yak
  5266 | D:5      | Noticed a yak
  5272 | D:5      | Shot with an arrow by a centaur

Illustrated notes

Levels and vault maps discovered:
D:1:      dpeg_arrival_erosion, layout_basic, serial_park_tiny_1
D:2:      layout_loops_corners
D:3:      layout_rooms, dreamdust_ecumenical_altar_sealed_demon, serial_rivers,
          chequers_serial_rivers_large_a, chequers_serial_rivers_micro_d,
          chequers_serial_rivers_micro_d, chequers_serial_rivers_micro_e,
          chequers_serial_rivers_marsh, minmay_close_crescents
D:4:      layout_cave_pools, serial_co_window_serial,
          co_window_of_opportunity_a, co_window_corner_a, co_window_paths_b,
          co_window_corner_a, co_window_paths_a, co_window_paths_c,
          co_window_cross_2, co_window_corner_b, co_window_4corner_b,
          co_window_4corner_a, glass_columns_c, glass_columns_a, uniq_ijyb,
          uniq_crazy_yiuf_cottage
D:5:      wander_river, layout_rooms, temple_green

Skill      XL: |  1  2  3  4  5 |
---------------+----------------+-----
Conjurations   | 1 2 3 |  3.0
Spellcasting   | 2 3 |  3.2
Fire Magic     | 3 4 |  4.0
Axes           | 1 |  1.4
Fighting       | 1 |  1.1
Dodging        | |  1.7
Stealth        | |  1.7

Action                   |  1- 3 |  4- 6 || total
-------------------------+-------+-------++-------
Melee: Hand axe          |    30 |    70 ||   100
 Cast: Foxfire           |    39 |     2 ||    41
       Scorch            |     2 |     2 ||     4
  Use: Potion            |       |     1 ||     1
 Stab: Sleeping          |     6 |     2 ||     8
Armor: Robe              |     9 |    15 ||    24
Dodge: Dodged            |    37 |    60 ||    97

Table legend: (Time is in decaauts)
 A = Elapsed time spent in this place.
 B = Non-inter-level travel time spent in this place.
 C = Inter-level travel time spent in this place.
 D = Time resting spent in this place.
 E = Time spent auto-exploring this place.
 F = Levels seen in this place.
 G = Mean time per level.
                   A        B        C        D        E       F      G
               +--------+--------+--------+--------+--------+-----+--------+
         Total |   5314 |   5230 |     84 |    576 |   4140 |   5 | 1062.8 |
       Dungeon |   5314 |   5230 |     84 |    576 |   4140 |   5 | 1062.8 |
               +--------+--------+--------+--------+--------+-----+--------+

Top non-repeatable levels by time:
     D:4: 1473 daAuts
     D:1: 1376 daAuts
     D:2: 1205 daAuts
     D:3: 1079 daAuts
     D:5: 179 daAuts
